 Dungeon Crawl Stone Soup version 0.31-a0-437-g7cee417757 (webtiles) character file.

Game seed: 8325913224860498539

33 AdnanSaban the Covered (level 3, 0/23 HPs)
             Began as a Gargoyle Fighter on Aug 2, 2023.
             Slain by a goblin
             ... wielding a +0 club
              (2 damage)
             ... on level 2 of the Dungeon.
             The game lasted 00:00:46 (809 turns).

AdnanSaban the Covered (Gargoyle Fighter)            Turns: 809, Time: 00:00:47

Health: 0/23       AC: 10    Str: 21    XL:     3   Next: 29%
Magic:  3/3        EV:  9    Int:  8    God:
Gold:   80         SH:  4    Dex:  9    Spells: 2/2 levels left

rFire   . . .        a - +0 flail
rCold   . . .        c - +0 buckler
rNeg    + . .        b - +0 scale mail
rPois   ∞            (no helmet)
rElec   +            (no cloak)
rCorr   .            (no gloves)
SInv    .            (no boots)
Will    .....        (no amulet) Stlth
                     (no ring)
HPRegen 0.23/turn    (no ring)
MPRegen 0.08/turn

%: no passive effects
@: no status effects
A: sickness immunity, AC +3, negative energy resistance 1, electricity
resistance, torment resistance 1, petrification resistance
a: no special abilities


You were on level 2 of the Dungeon.
You visited 1 branch of the dungeon, and saw 2 of its levels.

You collected 80 gold pieces.

Inventory:

Hand Weapons
 a - a +0 flail (weapon)
Armour
 b - a +0 scale mail (worn)
 c - a +0 buckler (worn)
Scrolls
 g - a scroll of teleportation {unknown}
 h - a scroll of identify {unknown}
 i - a scroll of enchant armour {unknown}
Potions
 d - a potion of might
 e - a potion of enlightenment {unknown}
 f - a potion of invisibility {unknown}


   Skills:
 + Level 3.6 Fighting
 + Level 2.3 Maces & Flails
 + Level 3.8 Armour
 + Level 0.5 Dodging
 + Level 3.5 Shields


You had 2 spell levels left.
You didn't know any spells.
Your spell library was empty.

Dungeon Overview and Level Annotations

Branches:
Dungeon (2/15)

Altars:


Innate Abilities, Weirdness & Mutations

You are immune to sickness and miasma.
Your stone body is resilient. (AC +3)
You are immune to poison.
You resist negative energy. (rN+)
You are resistant to electric shocks. (rElec)
You are resistant to unholy torment.
You are immune to petrification.


Message History

The bat moves out of view.
A bat is nearby!
An iguana comes into view.
The iguana hisses angrily.
The bat misses you. The bat closely misses you.
A goblin comes into view. It is wielding a +0 club.
You closely miss the bat.
The goblin shouts!
You hear a shout!
The bat hits you but does no damage.
You closely miss the bat. The bat hits you but does no damage.
You closely miss the iguana. The iguana closely misses you.
You hit the iguana.
The iguana is lightly wounded.
The iguana bites you.
You closely miss the iguana.
The iguana is lightly wounded.
The iguana bites you.
An orc comes into view. It is wielding a +0 flail.
The orc shouts!
You sock the iguana!
The iguana is severely wounded.
You hear a shout!
The iguana bites you! The bat hits you but does no damage.
An orc priest comes into view. It is wielding a +0 club.
The iguana hisses menacingly.
You block the iguana's attack. The bat barely misses you.
You block the bat's attack.
You closely miss the bat. You block the bat's attack. The iguana misses you.
The bat misses you.
You thump the bat!
You kill the bat!
The iguana bites you!
* * * LOW HITPOINT WARNING * * *
You block the goblin's attack. The goblin attacks as you move away!
You block the goblin's attack. The goblin attacks as you move away!
The goblin misses you.
There is a stone staircase leading up here.
The iguana barely misses you. The goblin hits you with a +0 club.
You die...

########.# #.#
#.#########.o
#.#..........
#.#..........
#.#..........
#.#..........
##.........:..
#@lo..........
#.g....#..⌠~~
#......#


PP. . #.)....# # #. #......# # #. #......# ⌠.# #.##......##.~.##
#............~..P ###.........##.⌠⌠~~ You could see an iguana, an orc and a
goblin.

Vanquished Creatures
  2 dart slugs (D:1)
  3 endoplasms (D:1)
  A giant cockroach (D:1)
  A hobgoblin (D:1)
  5 kobolds
  2 quokkas (D:1)
  5 ball pythons (D:1)
  5 bats
  A frilled lizard (D:1)
  2 rats (D:1)
27 creatures vanquished.

Notes
Turn   | Place    | Note
-------+----------+-------------------------------------------
     0 | D:1      | AdnanSaban the Gargoyle Fighter began the quest for the
                  | Orb.
     0 | D:1      | Reached XP level 1. HP: 14/14 MP: 1/1
    73 | D:1      | Reached XP level 2. HP: 19/19 MP: 2/2
   404 | D:1      | Reached XP level 3. HP: 23/23 MP: 3/3
   809 | D:2      | Slain by a goblin

Illustrated notes

Levels and vault maps discovered:
D:1:      dpeg_arrival_rooms_c, layout_basic
D:2:      layout_basic, shapermc_ecumenical_altar_acropolis

Action                     || total
---------------------------++-------
  Melee: Flail             ||    72
 Armour: Scale mail        ||    43
  Dodge: Dodged            ||    52
  Block: Buckler           ||    18

Table legend: (Time is in decaauts)
 A = Elapsed time spent in this place.
 B = Non-inter-level travel time spent in this place.
 C = Inter-level travel time spent in this place.
 D = Time resting spent in this place.
 E = Time spent auto-exploring this place.
 F = Levels seen in this place.
 G = Mean time per level.
                   A        B        C        D        E       F      G
               +--------+--------+--------+--------+--------+-----+--------+
         Total |    832 |    775 |     57 |      0 |    594 |   2 |  416.0 |
       Dungeon |    832 |    775 |     57 |      0 |    594 |   2 |  416.0 |
               +--------+--------+--------+--------+--------+-----+--------+

Top non-repeatable levels by time:
     D:1: 766 daAuts
     D:2: 65 daAuts
